 Dungeon Crawl Stone Soup version 0.27.1-2-g3b301248ec (webtiles) character file.

Game seed: 1607905362096686593

235 ABBCCCDDDD the Skirmisher (level 6, 0/45 HPs)
             Began as an Octopode Abyssal Knight on Sept 27, 2021.
             Was a Follower of Lugonu.
             Slain by a sky beast (4 damage)
             ... on level 6 of the Dungeon.
             The game lasted 00:03:24 (3800 turns).

ABBCCCDDDD the Skirmisher (Octopode Abyssal Knight) Turns: 3800, Time: 00:03:25

Health: 0/45       AC:  1    Str: 11    XL:     6   Next: 5%
Magic:  0/7        EV: 13    Int: 16    God:    Lugonu [*.....]
Gold:   195        SH:  0    Dex: 12    Spells: 5/5 levels left

rFire    . . .     SeeInvis .   k - +2 dagger (venom)
rCold    . . .     Faith    .   (no shield)
rNeg     . . .     Spirit   +   i - +0 hat
rPois    .         Reflect  .   h - amulet of guardian spirit
rElec    .         Harm     .   (no ring)
rCorr    .         Rampage  .   (no ring)
Will     .....                  (no ring)
Stlth    +++.......             (no ring)
HPRegen  0.15/turn              (no ring)
MPRegen  0.10/turn              (no ring)
                                (no ring)
                                (no ring)

@: brilliant
A: almost no armour, amphibious, 8 rings, camouflage 1, gelatinous body 1,
(nimble swimmer 1), tentacles
a: Renounce Religion, Depart the Abyss


You were on level 6 of the Dungeon.
You worshipped Lugonu.
Lugonu was aware of your devotion.
You visited 1 branch of the dungeon, and saw 6 of its levels.
You visited the Abyss 1 time.

You collected 195 gold pieces.

Inventory:

Hand Weapons
 a - a +1 falchion
 k - a +2 dagger of venom (weapon)
Missiles
 j - 6 poisoned darts
Armour
 i - a +0 hat (worn)
Jewellery
 h - an amulet of guardian spirit (around mantle)
 l - a ring of poison resistance
Scrolls
 b - 3 scrolls of noise {unknown}
 c - 2 scrolls of identify {unknown}
 d - 2 scrolls of teleportation {unknown}
 g - 3 scrolls of enchant armour {unknown}
Potions
 e - 2 potions of curing {unknown}
 f - a potion of brilliance
 m - a potion of might {unknown}


   Skills:
 + Level 5.0 Fighting
 - Level 4.1 Long Blades
 - Level 2.3 Dodging
 + Level 2.2 Stealth
 - Level 2.0 Invocations


You had 5 spell levels left.
You didn't know any spells.
Your spell library contained the following spells:

 Spells                   Type           Power      Damage    Failure   Level
 Pain                     Necr           0%         1d4       26%         1
 Blink                    Tloc           N/A        N/A       36%         2
 Lesser Beckoning         Tloc           0%         N/A       58%         3
 Dispel Undead            Necr           0%         3d6       94%         4
 Manifold Assault         Tloc           0%         N/A       100%        5
 Simulacrum               Ice/Necr       0%         N/A       100%        6


Dungeon Overview and Level Annotations

Branches:
Dungeon (6/15)             Temple (0/1) D:6

Altars:
Ashenzari
Yredelemnul
The Shining One

Annotations:
D:2 exclusion: 3 gnolls
D:4 Menkaure


Innate Abilities, Weirdness & Mutations

You cannot wear most types of armour.
You are amphibious.
You can wear up to eight rings at the same time.
Your skin changes colour to match your surroundings (Stealth+).
Your rubbery body absorbs attacks. (AC +1, EV +1)
((You are camouflaged near water. (Stealth+)))
You have tentacles for arms and can constrict up to eight enemies at once.


Message History

Your Fighting skill increases to level 5!
Your Stealth skill increases to level 2!
You have reached level 6!
Your experience leads to an increase in your attributes!
Increase (S)trength, (I)ntelligence, or (D)exterity?
You feel clever.
You barely miss the sky beast. You hit the sky beast.
The sky beast is lightly wounded.
The sky beast hits you. The sky beast shocks you.
You hit the sky beast.
The sky beast is lightly wounded.
The sky beast hits you but does no damage.
You barely miss the sky beast.
The sky beast is lightly wounded.
The sky beast hits you. The sky beast shocks you.
You closely miss the sky beast.
The sky beast is lightly wounded.
The sky beast completely misses you.
You closely miss the sky beast.
The sky beast is lightly wounded.
The sky beast barely misses you.
You hit the sky beast.
The sky beast is lightly wounded.
The sky beast hits you. The sky beast shocks you.
* * * LOW HITPOINT WARNING * * *
You closely miss the sky beast.
The sky beast is lightly wounded.
The sky beast hits you.
* * * LOW HITPOINT WARNING * * *
The sky beast shocks you.
* * * LOW HITPOINT WARNING * * *
It was a potion of brilliance.
You feel clever all of a sudden.
The sky beast flickers out of sight!
Deactivating autopickup; reactivate with Ctrl-A.
Something hits you.
* * * LOW HITPOINT WARNING * * *
Something shocks you.
You die...

##Y..... ##.......
##........ ###
##........# #.#
##........##
#.######...?.....$.
##.................
##....#############
#.@{...# #.......#
#......## #.......#
#.......# ##....###
######


There were no monsters in sight!

Levels and vault maps discovered:
D:1:      minmay_arrival_radiant_lines, layout_rooms,
          dilly_ecumenical_altar_fadedgnrine
D:2:      layout_loops_ring, minmay_3d_cube
D:3:      layout_loops_cross, nicolae_overflow_hidden_temple,
          grunt_ministairs_15
D:4:      layout_basic, kennysheep_little_box, uniq_menkaure
D:5:      layout_gridville, vehumet_crystals, serial_shops, shop, uniq_edmund
D:6:      layout_cave_pods, kennysheep_okawaru_gauntlet,
          minmay_temple_entry_offerings, uniq_grinder, uniq_blork_the_orc

Notes
Turn   | Place    | Note
-------+----------+-------------------------------------------
     0 | Abyss:1  | ABBCCCDDDD the Octopode Abyssal Knight began the quest for
                  | the Orb.
     0 | Abyss:1  | Reached XP level 1. HP: 16/16 MP: 2/2
    36 | Abyss:1  | Noticed a tentacled starspawn
    45 | Abyss:1  | Noticed a starcursed mass
    53 | D:1      | Escaped the Abyss
   480 | D:1      | Reached * piety under Lugonu
   484 | D:1      | Reached XP level 2. HP: 14/21 MP: 3/3
   924 | D:1      | Found a faded altar of an unknown god.
  1057 | D:2      | Reached XP level 3. HP: 18/26 MP: 4/4
  1942 | D:2      | Reached skill level 4 in Fighting
  1942 | D:2      | Reached XP level 4. HP: 26/33 MP: 3/5
  2271 | D:3      | Got the Guide on Darkness
  2692 | D:3      | Found a basalt altar of Yredelemnul.
  2696 | D:3      | Found a broken altar of Ashenzari.
  2825 | D:4      | Noticed a kobold brigand
  2833 | D:4      | Killed a kobold brigand
  2834 | D:4      | Reached XP level 5. HP: 32/38 MP: 4/6
  2890 | D:4      | Found a glowing golden altar of the Shining One.
  3417 | D:4      | Reached skill level 1 in Stealth
  3654 | D:4      | Noticed Menkaure
  3677 | D:5      | Entered Level 5 of the Dungeon
  3677 | D:5      | Noticed a sky beast
  3681 | D:6      | Found a staircase to the Ecumenical Temple.
  3699 | D:6      | Noticed a sky beast
  3791 | D:6      | Reached skill level 5 in Fighting
  3791 | D:6      | Reached XP level 6. HP: 36/45 MP: 5/7
  3800 | D:6      | Slain by a sky beast

Table legend: (Time is in decaauts)
 A = Elapsed time spent in this place.
 B = Non-inter-level travel time spent in this place.
 C = Inter-level travel time spent in this place.
 D = Time resting spent in this place.
 E = Time spent auto-exploring this place.
 F = Levels seen in this place.
 G = Mean time per level.
                   A        B        C        D        E       F      G
               +--------+--------+--------+--------+--------+-----+--------+
         Total |   3810 |   3733 |     77 |    575 |   2640 |   7 |  544.3 |
       Dungeon |   3757 |   3680 |     77 |    575 |   2607 |   6 |  626.2 |
         Abyss |     53 |     53 |      0 |      0 |     33 |   1 |   53.0 |
               +--------+--------+--------+--------+--------+-----+--------+

Top non-repeatable levels by time:
     D:2: 1168 daAuts
     D:3: 969 daAuts
     D:1: 967 daAuts
     D:4: 530 daAuts
     D:6: 118 daAuts
 Abyss:1: 53 daAuts
     D:5: 2 daAuts

Table legend:
 A = Kills in this place as a percentage of kills in entire the game.
 B = Kills by you in this place as a percentage of kills by you in the entire game.
 C = Kills by friends in this place as a percentage of kills by friends in the entire game.
 D = Other kills in this place as a percentage of other kills in the entire game.
 E = Experience gained in this place as a percentage of experience gained in the entire game.
 F = Experience gained in this place divided by the number of levels of this place that you have seen.
                   A       B       C       D       E      F
               +-------+-------+-------+-------+-------+----------------------
         Total | 100.0 | 100.0 |   N/A |   N/A | 100.0 |  48.0
       Dungeon | 100.0 | 100.0 |   N/A |   N/A | 100.0 |  56.0
               +-------+-------+-------+-------+-------+----------------------

Action                   |  1- 3 |  4- 6 || total
-------------------------+-------+-------++-------
Melee: Falchion          |    63 |    17 ||    80
       Constrict         |    18 |     9 ||    27
       Tentacles         |    17 |     8 ||    25
       Dagger            |       |    29 ||    29
Invok: Depart the Abyss  |     1 |       ||     1
  Use: Potion            |       |     1 ||     1
 Stab: Sleeping          |     8 |       ||     8
Armor: Skin              |     4 |     3 ||     7
Dodge: Dodged            |    35 |    23 ||    58
       Rpst.: Falchion   |     6 |     2 ||     8

Vanquished Creatures
  A kobold brigand (D:4)
  2 hounds
  2 adders (D:2)
  4 gnolls
  2 dart slugs
  5 endoplasms
  A giant cockroach (D:2)
  7 goblins
  4 hobgoblins
  2 quokkas
  5 ball pythons
  5 bats (D:1)
  6 frilled lizards
  4 kobolds
  2 rats
52 creatures vanquished.
